 Dungeon Crawl Stone Soup version 0.24-a0-586-g8e0e932 (webtiles) character file.

Game seed: 3853637853603405314, levelgen mode: deterministic

259 Laraso the Magician (level 5, -2/38 HPs)
             Began as a Draconian Necromancer on Sept 8, 2019.
             Slain by a centaur (8 damage)
             ... on level 4 of the Dungeon.
             The game lasted 00:05:46 (3353 turns).

Laraso the Magician (Draconian Necromancer)         Turns: 3353, Time: 00:05:46

Health: -2/38      AC:  5    Str: 10    XL:     5   Next: 94%
Magic:  6/13       EV: 12    Int: 16    God:
Gold:   158        SH:  0    Dex: 12    Spells: 3/15 levels left

rFire    . . .     SeeInvis .   j - +1 spear (pierce)
rCold    . . .     Gourm    .   (no shield)
rNeg     . . .     Faith    .   (armour unavailable)
rPois    .         Spirit   .   (helmet restricted)
rElec    .         Reflect  .   (no cloak)
rCorr    .         Harm     .   (no gloves)
MR       +....                  (no boots)
Stlth    ++........             (no amulet)
HPRegen  0.12/turn              k - ring of protection from magic
MPRegen  0.13/turn              (no ring)

@: very slightly contaminated
A: unfitting armour, cold-blooded, AC +5
a: no special abilities


You were on level 4 of the Dungeon.
You were not hungry.

You visited 1 branch of the dungeon, and saw 4 of its levels.

You collected 158 gold pieces.

Inventory:

Hand Weapons
 j - a +1 spear of piercing (weapon)
Jewellery
 k - a ring of protection from magic (left hand)
Wands
 d - a wand of digging (3)
Scrolls
 e - a scroll of fog {unknown}
 f - 2 scrolls of blinking
 n - 6 scrolls of remove curse
 o - 2 scrolls of amnesia {unknown}
 p - 3 scrolls of identify
Potions
 a - 2 potions of heal wounds {unknown}
 c - a potion of resistance
 g - a potion of ambrosia {unknown}
 h - a potion of brilliance
 i - a potion of flight
 l - a potion of lignification {unknown}
Comestibles
 b - 9 rations
 m - 7 chunks of flesh


   Skills:
 - Level 1.7 Dodging
 - Level 1.7 Stealth
 * Level 5.8 Spellcasting
 - Level 4.0 Necromancy


You had 3 spell levels left.
You knew the following spells:

 Your Spells              Type           Power        Failure   Level  Hunger
a - Pain                  Necr           ###.         2%          1    None
b - Animate Skeleton      Necr           N/A          2%          1    None
c - Vampiric Draining     Necr           ###.......   9%          3    ##.....
d - Animate Dead          Necr           N/A          26%         4    ####...
e - Regeneration          Chrm/Necr      ##........   19%         3    ##.....

Your spell library contained the following spells:

 Spells                   Type           Power        Failure   Level  Hunger


Dungeon Overview and Level Annotations

Branches:
Dungeon (4/15)
 Temple: D:4-7

Altars:
Fedhas
Nemelex Xobeh


Innate Abilities, Weirdness & Mutations

Your plain brown scales are hard. (AC +5)
You cannot fit into any form of body armour.
You are cold-blooded and may be slowed by cold attacks.


Message History

A howler monkey comes into view.
The worker ant twitches its antennae in your direction.
Your skin is crawling a little less now.
The centaur wields a +0 shortbow.
The centaur shoots an arrow.
The arrow hits your orc skeleton. What are your orders? t - Shout!
Orders for allies: a - Attack new target. r - Retreat! s - Stop attacking. g - Guard the area. f - Follow me.
Anything else - Cancel.
Gang up on whom?
Aim: a centaur, wielding a +0 shortbow Attack!
The centaur shoots an arrow.
The arrow hits your orc skeleton.
Your orc skeleton is destroyed!
The centaur shoots an arrow.
The arrow misses you.
You regained 2 hp, and now have 37/38 hp.
The centaur shoots an arrow.
The arrow hits you.
You see here an arrow.
You take 2 damage, and have 35/38 hp.
Your skin stops crawling.
The worker ant waves its antennae.
Something barely misses your ball python skeleton.
Something hits your ball python skeleton.
You closely miss the worker ant. The worker ant bites you.
The centaur wields a +0 shortbow.
The centaur shoots an arrow.
The arrow hits your quokka skeleton!
Your quokka skeleton is destroyed!
Your ball python skeleton bites the worker ant but does no damage.
Your ball python skeleton misses the worker ant.
You take 1 damage, and have 34/38 hp.
You hit the worker ant but do no damage.
The worker ant bites you.
The centaur shoots an arrow.
The arrow hits you!
* * * LOW HITPOINT WARNING * * *
Your ball python skeleton barely misses the worker ant.
Your ball python skeleton grabs the worker ant.
Your ball python skeleton constricts the worker ant.
The worker ant misses you.
You take 15 damage, and have 19/38 hp.
MASSIVE DAMAGE!!
The centaur unwields a +0 shortbow.
The centaur closely misses you. The worker ant bites you.
* * * LOW HITPOINT WARNING * * *
Your ball python skeleton bites the worker ant but does no damage.
Your ball python skeleton constricts the worker ant.
The centaur hits you.
* * * LOW HITPOINT WARNING * * *
You see here an arrow.
You take 8 damage, and have 11/38 hp.
MASSIVE DAMAGE!!
Aim: a centaur You feel life coursing into your body.
The centaur hits you!
* * * LOW HITPOINT WARNING * * *
The worker ant barely misses you.
Your ball python skeleton bites the worker ant but does no damage.
Your ball python skeleton constricts the worker ant.
You take 5 damage, and have 6/38 hp.
You now have 9/13 mp.
Aim: a centaur (heavily wounded)
You miscast Vampiric Draining.
You are very lightly contaminated with residual magic.
Pain shoots through your body. The centaur hits you!
You die...

.##.......... ...#.PPcPP.
.....).......###.....PP..
.......(....... .....%PP
#.#............ ....># #
..##....#.##...###...###.#
.###....#.####..##.......##
...(..............(........
##......#..####.##..c###..
.#.#....#..####a@#.#..#
...#.#.##.......Zc....#
..#..#.#.......().....##.#
.##.##..................h..
.##.##..#.>..(....#........
...........................#
...(.#...........#........^#
...........................#
........#........##........#


You could see a centaur, a worker ant and a friendly ball python skeleton.

Vanquished Creatures
  Natasha (thrice) (D:3)
  8 adders
  2 worms (D:3)
  2 dart slugs (D:3)
  A leopard gecko (D:3)
  7 orcs
  4 giant cockroaches
  8 goblins
  6 hobgoblins
  5 jackals
  9 kobolds
  A quokka (D:4)
  2 ball pythons
  10 bats
  A frilled lizard (D:3)
  A jackal skeleton (D:4)
  A rat (D:2)
71 creatures vanquished.

Vanquished Creatures (collateral kills)
  A hound skeleton (D:4)
  An adder (D:2)
  An ooze (D:2)
  A hobgoblin (D:3)
  3 jackals (D:2)
  A bat (D:2)
  2 rats (D:2)
10 creatures vanquished.

Grand Total: 81 creatures vanquished

Notes
Turn   | Place    | Note
-------+----------+-------------------------------------------
     0 | D:1      | Laraso the Draconian Necromancer began the quest for the
                  | Orb.
     0 | D:1      | Reached XP level 1. HP: 14/14 MP: 3/3
    59 | D:1      | Learned a level 1 spell: Animate Skeleton
   526 | D:1      | Reached XP level 2. HP: 20/20 MP: 5/5
   773 | D:2      | Reached skill level 3 in Spellcasting
   820 | D:2      | Found a sparkling altar of Nemelex Xobeh.
  1008 | D:2      | Reached XP level 3. HP: 26/26 MP: 7/7
  1134 | D:2      | HP: 10/26 [poisoned by an adder]
  1139 | D:2      | HP: 8/26 [poisoned by an adder]
  1146 | D:2      | HP: 7/26 [poisoned by an adder]
  1150 | D:2      | Learned a level 3 spell: Vampiric Draining
  1154 | D:2      | Learned a level 3 spell: Regeneration
  1154 | D:2      | HP: 6/26 [poisoned by an adder]
  1460 | D:2      | Reached skill level 4 in Spellcasting
  1473 | D:2      | Reached XP level 4. HP: 24/33 MP: 3/10
  2233 | D:3      | Reached XP level 5. HP: 30/38 MP: 12/12
  2254 | D:3      | Reached skill level 5 in Spellcasting
  2263 | D:3      | Learned a level 4 spell: Animate Dead
  2665 | D:3      | Noticed Natasha
  2675 | D:3      | HP: 13/38 [Natasha (10)]
  2676 | D:3      | Killed Natasha
  2809 | D:3      | Noticed Natasha
  2816 | D:3      | HP: 15/38 [Natasha (10)]
  2820 | D:3      | Killed Natasha
  3019 | D:3      | Noticed Natasha
  3029 | D:3      | Killed Natasha
  3333 | D:4      | Found a blossoming altar of Fedhas.
  3333 | D:4      | Noticed a centaur
  3351 | D:4      | HP: 11/38 [centaur (5)]
  3353 | D:4      | Slain by a centaur

Levels and vault maps discovered:
D:1:      psy_arrival_whirlpool, layout_loops_ring
D:2:      layout_rooms, nicolae_overflow_crystal_walls, first_ration
D:3:      layout_loops_ring, uniq_natasha
D:4:      layout_rooms, kennysheep_little_box, fedhas_bush_and_centaur_altar

Skill      XL: |  1  2  3  4  5 |
---------------+----------------+-----
Spellcasting   | 3 4 5 |  5.8
Dodging        | |  1.7
Stealth        | |  1.7
Necromancy     | |  4.0

Action                   |  1- 3 |  4- 6 || total
-------------------------+-------+-------++-------
Melee: Whip              |    67 |   116 ||   183
       Dagger            |     3 |       ||     3
       Tailslap          |     3 |    19 ||    22
       Spear             |       |    77 ||    77
 Cast: Animate Skeleton  |    16 |    19 ||    35
       Pain              |     9 |    10 ||    19
       Regeneration      |     2 |     7 ||     9
       Vampiric Draining |     1 |     8 ||     9
       Animate Dead      |       |     2 ||     2
  Use: Potion            |     1 |     2 ||     3
       Scroll            |       |     9 ||     9
 Stab: Sleeping          |     1 |     4 ||     5
  Eat: Chunk             |     2 |     8 ||    10
Armor: Skin              |    31 |    53 ||    84
Dodge: Dodged            |    67 |   118 ||   185

Table legend:
 A = Non-vault XP
 B = Vault XP
 C = Vault XP percentage of total XP
 D = Non-vault monster count
 E = Vault monster count
 F = Vault count percentage of total count
                 A         B        C        D         E       F
            +---------+---------+-------+---------+---------+-------
      Total |     335 |      35 |   9.5 |      80 |       1 |   1.2
            +---------+---------+-------+---------+---------+-------
        D:1 |      18 |       0 |   0.0 |      11 |       0 |   0.0
        D:2 |     102 |       0 |   0.0 |      29 |       0 |   0.0
        D:3 |     182 |      35 |  16.1 |      34 |       1 |   2.9
        D:4 |      33 |       0 |   0.0 |       6 |       0 |   0.0
            +---------+---------+-------+---------+---------+-------

Table legend:
 A = Kills in this place as a percentage of kills in entire the game.
 B = Kills by you in this place as a percentage of kills by you in the entire game.
 C = Kills by friends in this place as a percentage of kills by friends in the entire game.
 D = Other kills in this place as a percentage of other kills in the entire game.
 E = Experience gained in this place as a percentage of experience gained in the entire game.
 F = Experience gained in this place divided by the number of levels of this place that you have seen.
                   A       B       C       D       E      F
               +-------+-------+-------+-------+-------+----------------------
         Total | 100.0 | 100.0 | 100.0 |   N/A | 100.0 |  92.5
       Dungeon | 100.0 | 100.0 | 100.0 |   N/A | 100.0 |  92.5
               +-------+-------+-------+-------+-------+----------------------

Table legend:
 A = Turns spent in this place as a percentage of turns spent in the entire game.
 B = Non-inter-level travel turns spent in this place as a percentage of non-inter-level travel turns spent in the entire game.
 C = Inter-level travel turns spent in this place as a percentage of turns spent in this place.
 D = Turns resting spent in this place as a percentage of non-inter-level travel turns spent in this place.
 E = Turns spent auto-exploring this place as a percentage of non-inter-level travel turns spent in this place.
 F = Non-inter-level travel turns spent in this place divided by the number of levels of this place that you've seen.
                   A       B       C       D       E      F
               +-------+-------+-------+-------+-------+----------------------
         Total | 100.0 | 100.0 |   2.9 |  33.3 |  40.9 | 814.2
       Dungeon | 100.0 | 100.0 |   2.9 |  33.3 |  40.9 | 814.2
               +-------+-------+-------+-------+-------+----------------------

Levels and vault maps discovered:
D:1:      psy_arrival_whirlpool, layout_loops_ring
D:2:      layout_rooms, nicolae_overflow_crystal_walls, first_ration
D:3:      layout_loops_ring, uniq_natasha
D:4:      layout_rooms, kennysheep_little_box, fedhas_bush_and_centaur_altar
